 Dungeon Crawl Stone Soup version 0.25-a0-578-gc91f01c (webtiles) character file.

Game seed: 8800440105985425983, levelgen mode: deterministic

39 Faca the Bolt Thrower (level 3, -1/23 HPs)
             Began as a Kobold Hunter on Mar 5, 2020.
             Slain by a kobold (3 damage)
             ... on level 2 of the Dungeon.
             The game lasted 00:02:19 (954 turns).

Faca the Bolt Thrower (Kobold Hunter)                Turns: 954, Time: 00:02:19

Health: -1/23      AC:  3    Str: 10    XL:     3   Next: 67%
Magic:  3/3        EV: 14    Int: 12    God:
Gold:   106        SH:  0    Dex: 15    Spells: 2/2 levels left

rFire    . . .     SeeInvis .   b - +0 short sword
rCold    . . .     Gourm    .   (shield restricted)
rNeg     . . .     Faith    .   c - +0 leather armour
rPois    .         Spirit   .   (no helmet)
rElec    .         Reflect  .   (no cloak)
rCorr    .         Harm     .   (no gloves)
MR       .....     Rnd*Tele +   (no boots)
Stlth    ++........             (no amulet)
HPRegen  0.07/turn              j - ring of teleportation (curse)
MPRegen  0.08/turn              (no ring)

@: no status effects
A: small, carnivore
a: no special abilities


You were on level 2 of the Dungeon.
You were not hungry.

You visited 1 branch of the dungeon, and saw 2 of its levels.

You collected 106 gold pieces.

Inventory:

Hand Weapons
 a - a +2 hand crossbow
 b - a +0 short sword (weapon)
Missiles
 d - 16 bolts
Armour
 c - a +0 leather armour (worn)
 k - a +1 chain mail
Jewellery
 j - a cursed ring of teleportation (left hand)
Scrolls
 e - a scroll of enchant weapon
Potions
 h - a potion of stabbing {unknown}
 i - a potion of lignification {unknown}
 m - a potion of curing
Comestibles
 f - 4 rations


   Skills:
 + Level 3.3 Fighting
 + Level 5.5 Crossbows
 - Level 2.4 Dodging
 - Level 1.3 Stealth


You had 2 spell levels left.
You didn't know any spells.
Your spell library was empty.

Dungeon Overview and Level Annotations

Branches:
Dungeon (2/15)

Altars:


Innate Abilities, Weirdness & Mutations

You are small and have problems with some larger weapons.
You are carnivorous and can eat meat at any time.


Message History

You hit the giant cockroach but do no damage.
The giant cockroach misses you.
You closely miss the giant cockroach. The giant cockroach misses you.
The kobold hits you.
* * * LOW HITPOINT WARNING * * *
You hit the kobold.
The kobold is moderately wounded.
The giant cockroach completely misses you.
The kobold hits you.
* * * LOW HITPOINT WARNING * * *
The giant cockroach closely misses you.
You closely miss the kobold.
The kobold is moderately wounded.
The kobold barely misses you. The giant cockroach barely misses you.
The kobold hits you.
* * * LOW HITPOINT WARNING * * *
You hit the kobold but do no damage.
The kobold is moderately wounded.
The giant cockroach closely misses you. The kobold hits you.
You die... # ##.######.#.#.# (.....s@K....# ...###########

You could see a giant cockroach and a kobold.

Vanquished Creatures
  A worker ant (D:1)
  An adder (D:2)
  2 bats
  A giant cockroach (D:1)
  A goblin (D:1)
  2 frilled lizards (D:1)
8 creatures vanquished.

Notes
Turn   | Place    | Note
-------+----------+-------------------------------------------
     0 | D:1      | Faca the Kobold Hunter began the quest for the Orb.
     0 | D:1      | Reached XP level 1. HP: 12/12 MP: 1/1
   307 | D:1      | Reached skill level 5 in Crossbows
   792 | D:2      | Noticed a worker ant
   801 | D:1      | Killed a worker ant
   801 | D:1      | Reached XP level 2. HP: 7/19 MP: 2/2
   801 | D:1      | Reached XP level 3. HP: 8/23 MP: 3/3
   954 | D:2      | Slain by a kobold

Levels and vault maps discovered:
D:1:      nagdon_arrival_double_spiral, layout_basic
D:2:      layout_loops_ring, minitemple, chequers_ecumenical_altar_simple,
          fedhas_altar_2, uniq_terence

Skill      XL: |  1 |
---------------+----+-----
Crossbows      | 5 |  5.5
Fighting       | 3 |  3.3
Dodging        | |  2.4
Stealth        | |  1.3

Action                   || total
-------------------------++-------
Melee: Short sword       ||    38
 Fire: Hand crossbow     ||     6
  Use: Scroll            ||     4
       Potion            ||     1
 Stab: Sleeping          ||     1
Armor: Leather armour    ||    10
Dodge: Dodged            ||    34

Table legend:
 A = Non-vault XP
 B = Vault XP
 C = Vault XP percentage of total XP
 D = Non-vault monster count
 E = Vault monster count
 F = Vault count percentage of total count
                 A         B        C        D         E       F
            +---------+---------+-------+---------+---------+-------
      Total |      56 |       0 |   0.0 |       8 |       0 |   0.0
            +---------+---------+-------+---------+---------+-------
        D:1 |      41 |       0 |   0.0 |       6 |       0 |   0.0
        D:2 |      15 |       0 |   0.0 |       2 |       0 |   0.0
            +---------+---------+-------+---------+---------+-------
